 Dungeon Crawl Stone Soup version 0.28-a0-1038-g9c4cb8273d (webtiles) character file.

Game seed: 2642402227913469175

6115 blank1 the Fighter (level 10, 0/97 HPs)
             Began as a Minotaur Fighter on Dec 9, 2021.
             Was a Priest of Okawaru.
             Slain by a freezing wraith (19 damage)
             ... led by a death knight
             ... on level 8 of the Dungeon.
             The game lasted 00:17:06 (12629 turns).

blank1 the Fighter (Minotaur Fighter)              Turns: 12629, Time: 00:17:07

Health: 0/97       AC: 15    Str: 22    XL:     10   Next: 58%
Magic:  12/12      EV:  6    Int:  5    God:    Okawaru [***...]
Gold:   493        SH:  9    Dex: 13    Spells: 9/9 levels left

rFire   + . .      SeeInvis .   z - +8 mace "Jeuhany" {holy, rF+}
rCold   . . .      Faith    .   y - +0 kite shield
rNeg    . . .      Spirit   .   w - +0 plate armour
rPois   .          Reflect  .   (helmet restricted)
rElec   .          Harm     .   (no cloak)
rCorr   .          Rampage  .   f - +0 pair of gloves
Will    .....                   (no boots)
Stlth   ..........              e - amulet of regeneration
HPRegen 1.06/turn               (no ring)
MPRegen 0.13/turn               (no ring)

@: slowed, studying Earth Magic, very slow
A: horns 2, retaliatory headbutt
a: Renounce Religion, Heroism


You were on level 8 of the Dungeon.
You worshipped Okawaru.
Okawaru was most pleased with you.
You visited 2 branches of the dungeon, and saw 10 of its levels.
You also visited: Sewer and Ossuary.

You collected 853 gold pieces.
You spent 360 gold pieces at shops.

Inventory:

Hand Weapons
 a - a +1 flail
 z - the +8 mace "Jeuhany" (weapon) {holy, rF+}
   (You found it on level 5 of the Dungeon)

   It has been blessed by the Shining One to cause great damage to the undead
   and demons.
   rF:        It protects you from fire.
Armour
 f - a +0 pair of gloves (worn)
 w - a +0 plate armour (worn)
 x - a scarf of resistance
 y - a +0 kite shield (worn)
Jewellery
 e - an amulet of regeneration (around neck)
 v - the ring of the Genius {Wiz rPois rC+ Str-3}
   (You found it on level 5 of the Dungeon)

   [ring of wizardry]

   It improves your spell success rate.
   Str:       It affects your strength (-3).
   rC:        It protects you from cold.
   rPois:     It protects you from poison.
Wands
 A - a wand of flame (54)
 C - a wand of iceblast (6)
Scrolls
 g - a scroll of vulnerability
 h - a scroll of noise
 i - 4 scrolls of teleportation
 m - 2 scrolls of magic mapping
 t - 3 scrolls of immolation
 u - a scroll of identify
Potions
 b - 7 potions of curing
 c - a potion of berserk rage {unknown}
 d - 3 potions of might
 j - 4 potions of attraction
 l - 8 potions of haste
 n - 3 potions of magic {unknown}
 o - 6 potions of mutation
 p - 4 potions of heal wounds
 q - 2 potions of brilliance {unknown}
 r - a potion of lignification
 s - a potion of invisibility
 B - a potion of cancellation
 D - 2 potions of flight


   Skills:
 - Level 12.0 Fighting
 + Level 11.3 Maces & Flails
 - Level 10.0 Armour
 + Level 5.2 Dodging
 - Level 4.3 Stealth
 - Level 4.0 Shields
 - Level 4.0 Invocations


You had 9 spell levels left.
You didn't know any spells.
Your spell library contained the following spells:

 Spells                   Type           Power      Damage    Failure   Level
 Sting                    Tmut/Pois      0%         1d3       100%        1
 Poisonous Vapours        Pois/Air       0%         N/A       100%        2
 Sublimation of Blood     Necr           0%         N/A       100%        2
 Olgreb's Toxic Radiance  Pois           0%         N/A       100%        4
 Petrify                  Tmut/Erth      0%         N/A       100%        4
 Irradiate                Conj/Tmut      0%         3d14      100%        5
 Dispersal                Tloc           0%         N/A       100%        6
 Disjunction              Tloc           0%         N/A       100%        8


Dungeon Overview and Level Annotations

Branches:
Dungeon (9/15)             Temple (1/1) D:6           Sewer (visited)
Ossuary (visited)
   Lair: D:8-11         Orc: D:9-12

Altars:
Ashenzari
Cheibriados
Dithmenos
Elyvilon
Fedhas
Gozag
Hepliaklqana
Kikubaaqudgha
Makhleb
Nemelex Xobeh
Okawaru
Qazlal
Ru
Sif Muna
Uskayaw
Wu Jian
Yredelemnul
Zin
The Shining One

Shops:
D:5 =   D:6 *

Annotations:
D:3 2 transporters, miscthings's ghost, amateur BaMo


Innate Abilities, Weirdness & Mutations

You have a pair of horns on your head.
You reflexively headbutt those who attack you in melee.


Message History

The skeletal warrior is almost destroyed.
The skeletal warrior hits you with a +0 battleaxe!!
* * * LOW HITPOINT WARNING * * *
You bludgeon the skeletal warrior!!
You destroy the skeletal warrior!
Okawaru accepts your kill.
Okawaru will now gift you ammunition as you gain piety.
Your life force feels restored.
Base training target 10.0 for Armour reached!
Your base Armour skill increases to level 10!
You need to enable at least one skill for training.
Unknown command.
You start resting.
Magic restored.
You start resting.
You feel like a meek peon again.
You start resting.
HP restored.
You climb downwards.
You block the freezing wraith's attack. x2
The freezing wraith hits you. The freezing wraith freezes you!
The freezing wraith hits you but does no damage.
There is a stone staircase leading up here.
You closely miss the freezing wraith.
Your headbutt misses the freezing wraith.
The freezing wraith hits you. The freezing wraith freezes you!!
The freezing wraith hits you but does no damage.
You hit the freezing wraith.
The freezing wraith convulses.
Your headbutt misses the freezing wraith.
The freezing wraith is lightly damaged.
The freezing wraith hits you. The freezing wraith freezes you!!
The freezing wraith hits you!
* * * LOW HITPOINT WARNING * * *
The freezing wraith drains your vigour!
You feel yourself slow down.
You hit the freezing wraith.
The freezing wraith convulses.
Your headbutt misses the freezing wraith.
The freezing wraith is lightly damaged.
The freezing wraith hits you.
* * * LOW HITPOINT WARNING * * *
The freezing wraith freezes you!!
You die...

######........####..#....#..#
#......### ##..#####...
#.....## #.## #... ###.....#
##.# #.#. #.......# #.##
##.## ###.....## ##.# #..#
#......#####..## #.##
##.......##....#####.#
#.....@.........##.##
#....W.............##
#...................###
#.......###...........#
#.......# ###..........
###..###..# ###........
#####..### #..## ##...######
#......## ##..# ##...## #
#.......### ##.###..#..# #


You could see a freezing wraith.

Vanquished Creatures
  A skeletal warrior (D:7)
  An ugly thing (D:8)
  Maurice (D:8)
  A troll (D:9)
  A yak (D:5)
  Grum (D:8)
  Menkaure (D:7)
  Duvessa (D:7)
  2 water moccasins
  2 black bears
  An ice beast (D:5)
  A hornet zombie (D:7)
  An orc warrior (D:4)
  2 necrophages
  3 centaurs
  2 ogres (D:4)
  2 wolves (D:8)
  2 phantoms (D:5)
  6 kobold brigands
  4 bullfrogs
  2 scorpions (D:5)
  A wyvern zombie (D:8)
  A gnoll sergeant (D:7)
  2 water moccasin zombies (D:5)
  Dowan (D:7)
  4 wights (D:9)
  4 centaur zombies
  3 hounds
  A jelly (D:4)
  3 orc priests
  A gnoll shaman (D:7)
  2 bullfrog skeletons (D:6)
  A centaur skeleton (D:2)
  2 iguanas (D:5)
  3 orc wizards
  A howler monkey zombie (D:6)
  8 mummies (Ossuary)
  8 gnolls (D:7)
  12 adders
  5 river rats (Sewer)
  A white imp (D:5)
  An ufetubus (D:6)
  3 adder skeletons
  The ghost of AttackTheMoon the Sneak, a weakling KoDe (D:5)
  11 orcs
  7 endoplasms
  7 giant cockroaches
  3 goblins
  4 hobgoblins
  36 kobolds
  5 quokkas
  14 ball pythons
  7 bats
  5 frilled lizards
  A gnoll zombie (Ossuary)
  4 kobold zombies (Ossuary)
  3 orc zombies (Ossuary)
  22 rats
236 creatures vanquished.

Vanquished Creatures (others)
  An orc wizard (D:4)
1 creature vanquished.

Grand Total: 237 creatures vanquished

Notes
Turn   | Place    | Note
-------+----------+-------------------------------------------
     0 | D:1      | blank1 the Minotaur Fighter began the quest for the Orb.
     0 | D:1      | Reached XP level 1. HP: 19/19 MP: 0/0
   318 | D:1      | Reached XP level 2. HP: 27/27 MP: 1/1
   478 | D:1      | Reached skill level 4 in Fighting
   905 | D:2      | Found a stormy altar of Qazlal.
   953 | D:2      | Reached skill level 1 in Dodging
   955 | D:2      | Reached XP level 3. HP: 20/33 MP: 2/2
  1141 | D:2      | Found a faded altar of an unknown god.
  1247 | D:2      | Reached XP level 4. HP: 40/40 MP: 3/3
  1633 | D:3      | Found a transporter.
  1640 | D:3      | Found a transporter.
  1642 | D:3      | Noticed miscthings's ghost (amateur BaMo)
  1829 | D:3      | Reached skill level 1 in Stealth
  1855 | D:3      | Found a glowing drain.
  1859 | Sewer    | Entered a sewer
  2260 | Sewer    | Reached XP level 5. HP: 8/46 MP: 4/4
  3022 | Sewer    | Reached XP level 6. HP: 52/52 MP: 5/5
  3301 | D:3      | Reached skill level 11 in Fighting
  3301 | D:3      | Reached XP level 7. HP: 74/74 MP: 6/6
  5222 | D:4      | Reached XP level 8. HP: 62/82 MP: 7/7
  5558 | D:4      | Reached skill level 5 in Armour
  5691 | D:5      | Entered Level 5 of the Dungeon
  5691 | D:5      | Found a sacrificial altar of Ru.
  5864 | D:5      | Identified the ring of the Genius {Wiz rPois rC+ Str-3}
  5872 | D:5      | Found a runed translucent gate.
  5873 | D:5      | Found a runed translucent gate.
  5874 | D:5      | Found an opulent altar of Gozag.
  5874 | D:5      | Found a runed translucent gate.
  5876 | D:5      | Noticed AttackTheMoon's ghost (weakling KoDe)
  6390 | D:5      | Found Rydwudgh's Jewellery Emporium.
  6416 | D:5      | Identified the +8 mace "Jeuhany" {holy, rF+}
  6731 | D:5      | Reached XP level 9. HP: 71/89 MP: 8/8
  6735 | D:5      | Killed AttackTheMoon's ghost
  6985 | D:6      | Found a staircase to the Ecumenical Temple.
  6996 | Temple   | Entered the Ecumenical Temple
  7228 | Temple   | Became a worshipper of Warmaster Okawaru
  7332 | D:6      | Reached skill level 5 in Dodging
  7430 | D:6      | Reached skill level 1 in Invocations
  7716 | D:6      | Found Mann's General Store.
  8098 | D:6      | Identified the +1 ring mail of Brilliance {Will+}
  8211 | D:7      | Noticed Menkaure
  8218 | D:7      | Killed Menkaure
  8219 | D:7      | Found a sand-covered staircase.
  8228 | Ossuary  | Entered an ossuary
  8271 | Ossuary  | Reached * piety under Okawaru
  9642 | D:7      | Noticed Dowan
  9649 | D:7      | Killed Dowan
  9651 | D:7      | Noticed Duvessa
  9663 | D:7      | Killed Duvessa
 10271 | D:8      | Noticed Maurice
 10274 | D:8      | Paralysed by something for 7 turns
 10287 | D:8      | Killed Maurice
 10287 | D:8      | Reached ** piety under Okawaru
 10288 | D:8      | Reached XP level 10. HP: 70/96 MP: 10/12
 10703 | D:8      | Noticed Grum
 10721 | D:8      | Killed Grum
 11858 | D:8      | Noticed a brown ugly thing
 11866 | D:8      | Killed a brown ugly thing
 11867 | D:8      | Reached skill level 12 in Fighting
 12064 | D:5      | Bought an amulet of regeneration for 360 gold pieces
 12408 | D:9      | Noticed a skeletal warrior
 12409 | D:9      | Noticed a death knight
 12413 | D:9      | Noticed a phantasmal warrior
 12415 | D:9      | HP: 4/96 [death knight (22)]
 12538 | D:7      | Killed a skeletal warrior
 12538 | D:7      | Reached *** piety under Okawaru
 12539 | D:7      | Reached skill level 10 in Armour
 12629 | D:8      | Slain by a freezing wraith

Illustrated notes

Levels and vault maps discovered:
D:1:      dpeg_arrival_yet_another_circle, layout_basic, roderic_lattice_a
D:2:      layout_loops_ring, basic_altar, chequers_ecumenical_altar_simple_redux
D:3:      layout_basic, gammafunk_ghost_arena, gup_sewer_entry_spiral,
          corexii_corridor_pit, hangedman_abyss_or_decor_stabs
D:4:      layout_basic, minivault_14, minmay_manual_mail
D:5:      layout_cave_pools, nicolae_ru_awakened_eye, ebering_ghost_gozag,
          serial_shops, shop
D:6:      layout_basic, minmay_temple_entry_nine_rooms, serial_shops, shop,
          serial_curves, eino_curves_03, eino_curves_01
D:7:      layout_layer_cave, lightli_ossuary_entry_decrepit_ruins, uniq_duvessa,
          uniq_menkaure
D:8:      layout_layer_cave, uniq_grum, uniq_maurice
D:9:      layout_long_grid, serial_shops, nicolae_shop_bloodbath_and_beyond
Temple:   mainiacjoe_temple_circle_huts

Skill      XL: |  1  2  3  4  5  6  7  8  9 10 |
---------------+-------------------------------+-----
Fighting       | 4 11 12 | 12.0
Armour         | 4 6 8 10 | 10.0
Dodging        | 1 2 4 5 |  5.2
Shields        | 4 |  4.0
Maces & Flails | 3 4 11 | 11.3
Stealth        | 2 3 4 |  4.3
Invocations    | 4 |  4.0

Action                   |  1- 3 |  4- 6 |  7- 9 | 10-12 || total
-------------------------+-------+-------+-------+-------++-------
Melee: Flail             |    55 |   124 |   129 |       ||   308
       Headbutt          |    10 |    15 |    61 |    12 ||    98
       Mace              |       |       |   159 |    78 ||   237
Invok: Heroism           |       |       |     1 |     2 ||     3
Evoke: Wand              |       |       |     1 |       ||     1
  Use: Scroll            |       |     4 |    18 |     1 ||    23
       Potion            |       |     1 |       |       ||     1
Armor: Scale mail        |     6 |       |       |       ||     6
       Chain mail        |    17 |    85 |    38 |       ||   140
       Plate armour      |       |       |   112 |    59 ||   171
Dodge: Dodged            |    29 |    80 |    78 |    31 ||   218
Block: Buckler           |    11 |    34 |    46 |       ||    91
       Kite shield       |       |       |       |    56 ||    56

Table legend: (Time is in decaauts)
 A = Elapsed time spent in this place.
 B = Non-inter-level travel time spent in this place.
 C = Inter-level travel time spent in this place.
 D = Time resting spent in this place.
 E = Time spent auto-exploring this place.
 F = Levels seen in this place.
 G = Mean time per level.
                   A        B        C        D        E       F      G
               +--------+--------+--------+--------+--------+-----+--------+
         Total |  12685 |  12008 |    677 |   2291 |   7899 |  12 | 1057.1 |
       Dungeon |  10709 |  10059 |    650 |   1298 |   7333 |   9 | 1189.9 |
        Temple |    242 |    215 |     27 |      0 |    195 |   1 |  242.0 |
         Sewer |   1354 |   1354 |      0 |    790 |    269 |   1 | 1354.0 |
       Ossuary |    378 |    378 |      0 |    203 |    101 |   1 |  378.0 |
               +--------+--------+--------+--------+--------+-----+--------+

Top non-repeatable levels by time:
     D:8: 1841 daAuts
     D:7: 1841 daAuts
     D:4: 1553 daAuts
   Sewer: 1354 daAuts
     D:3: 1335 daAuts
     D:6: 1147 daAuts
     D:5: 1076 daAuts
     D:1: 913 daAuts
     D:2: 734 daAuts
 Ossuary: 378 daAuts
     D:9: 266 daAuts
  Temple: 242 daAuts
